 Dungeon Crawl Stone Soup version 0.25-a0-341-g6f074c887a (webtiles) character file.

Game seed: 45985402891319623, levelgen mode: deterministic

186 BritishOli the Slasher (level 5, -3/41 HPs)
             Began as a Demonspawn Gladiator on Dec 30, 2019.
             Killed by nerve-wracking pain
             ... invoked by an orc priest
              (7 damage)
             ... on level 3 of the Dungeon.
             The game lasted 00:04:59 (1840 turns).

BritishOli the Slasher (Demonspawn Gladiator)       Turns: 1840, Time: 00:04:59

Health: -3/41      AC:  9    Str: 16    XL:     5   Next: 38%
Magic:  5/5        EV: 13    Int:  9    God:
Gold:   159        SH:  0    Dex: 14    Spells: 4/4 levels left

rFire    . . .     SeeInvis .   a - +0 long sword
rCold    + . .     Gourm    .   (no shield)
rNeg     . . .     Faith    .   b - +0 leather armour
rPois    .         Spirit   .   o - +2 hat
rElec    .         Reflect  .   (no cloak)
rCorr    .         Harm     .   (no gloves)
MR       .....                  (no boots)
Stlth    +.........             (no amulet)
HPRegen  0.13/turn              i - +2 ring of protection
MPRegen  0.09/turn              (no ring)

@: no status effects
A: hooves 2, molten scales 1, cold resistance 1
a: no special abilities


You were on level 3 of the Dungeon.
You were very hungry.

You visited 1 branch of the dungeon, and saw 3 of its levels.

You collected 159 gold pieces.

Inventory:

Hand Weapons
 a - a +0 long sword (weapon)
Missiles
 d - 2 throwing nets (quivered)
Armour
 b - a +0 leather armour (worn)
 c - a +0 helmet
 o - a +2 hat (worn)
Jewellery
 i - a +2 ring of protection (left hand)
Scrolls
 e - 4 scrolls of identify {unknown}
 h - a scroll of teleportation {unknown}
 j - a scroll of fear {unknown}
 n - a scroll of amnesia {unknown}
 q - a scroll of remove curse {unknown}
Potions
 g - 2 potions of heal wounds {unknown}
 k - 3 potions of curing {unknown}
 l - a potion of agility {unknown}
 m - a potion of cancellation {unknown}
 p - a potion of degeneration {unknown}
Comestibles
 f - 5 rations


   Skills:
 + Level 3.0 Fighting
 + Level 4.2 Long Blades
 + Level 1.7 Throwing
 + Level 1.3 Armour
 + Level 3.4 Dodging
 + Level 0.6 Stealth


You had 4 spell levels left.
You didn't know any spells.
Your spell library was empty.

Dungeon Overview and Level Annotations

Branches:
Dungeon (3/15)

Altars:
Dithmenos
Zin

Portals:
Abyss: D:3

Annotations:
D:3 1 transporter, anet's ghost, novice GnMo


Innate Abilities, Weirdness & Mutations

You have hoof-like feet.
You are partially covered in molten scales. (AC +2)
Your flesh is cold resistant. (rC+)


Message History

You catch the helpless orc priest completely off-guard!
You hit the orc priest but do no damage.
You kick the orc priest, but do no damage.
The orc priest is heavily wounded.
The orc priest struggles against the net.
Anet's ghost turns its malevolent gaze towards you.
You hit the orc priest but do no damage.
The orc priest is heavily wounded.
An orc comes into view.
The orc priest struggles against the net.
You hit the orc priest.
You kick the orc priest, but do no damage.
The orc priest is severely wounded.
The orc priest struggles against the net.
You catch the helpless orc priest completely off-guard!
You hit the orc priest.
The orc priest is almost dead.
The orc priest calls down the wrath of Beogh upon you.
Pain shoots through your body!
You die...

#.........##...## #.###....####
.. ##.#.##..##..# #..#..#..#©.#
## .. #.##x##..#### ..# .#
###.#Kx##...#####.# #.##
..o#W#.##....#..# ...
#o##...###©##..## ..#
#@.###...###.##^## ..#
##..©#..#∩©:.....# .###
##..##.##..####.## .).########
##..##.#.....##.##. ##†...>...#
#..##.#.####..#.#.. #........#
#..#... #..##...##.
##.#.###..#####..##!###...###..#.
...#.# #).........###.......####.
.###<###..####.##.....###.#......


You could see an orc priest (caught) and an orc.

Vanquished Creatures
  A crimson imp (D:3)
  Jessica (D:2)
  3 adders
  An ufetubus (D:3)
  2 oozes
  An adder zombie (D:3)
  3 dart slugs
  6 leopard geckos
  2 orcs (D:3)
  4 bats
  5 giant cockroaches
  4 goblins
  12 hobgoblins
  4 jackals
  8 kobolds
  A ball python (D:3)
  2 frilled lizards
  4 rats (D:1)
64 creatures vanquished.

Notes
Turn   | Place    | Note
-------+----------+-------------------------------------------
     0 | D:1      | BritishOli the Demonspawn Gladiator began the quest for the
                  | Orb.
     0 | D:1      | Reached XP level 1. HP: 16/16 MP: 1/1
   101 | D:1      | Reached skill level 3 in Long Blades
   106 | D:1      | Gained mutation: You have large cloven feet. [demonic
                  | ancestry]
   106 | D:1      | Reached XP level 2. HP: 19/22 MP: 2/2
   376 | D:1      | Gained mutation: You are partially covered in molten
                  | scales. (AC +2) [demonic ancestry]
   376 | D:1      | Reached XP level 3. HP: 22/27 MP: 3/3
   843 | D:2      | Found a shadowy altar of Dithmenos.
   858 | D:2      | Found a glowing silver altar of Zin.
  1037 | D:2      | Gained mutation: You have hoof-like feet. [demonic
                  | ancestry]
  1037 | D:2      | Reached XP level 4. HP: 21/33 MP: 4/4
  1053 | D:2      | Noticed Jessica
  1057 | D:2      | Killed Jessica
  1281 | D:3      | Found a transporter.
  1281 | D:3      | Found a transporter.
  1286 | D:3      | Found a one-way gate to the infinite horrors of the Abyss.
  1286 | D:3      | Noticed anet's ghost (novice GnMo)
  1292 | D:3      | Identified the +8 whip of a treasure trove {distort, rC+
                  | MR+ Int+2 Dex-4}
  1292 | D:3      | Noticed a big kobold
  1293 | D:3      | Reached skill level 1 in Armour
  1293 | D:3      | Noticed a small abomination
  1321 | D:3      | Reached skill level 4 in Long Blades
  1321 | D:3      | Gained mutation: Your flesh is cold resistant. (rC+)
                  | [demonic ancestry]
  1321 | D:3      | Reached XP level 5. HP: 36/41 MP: 5/5
  1332 | D:3      | HP: 2/41 [leopard gecko (3)]
  1339 | D:3      | HP: 2/41 [kobold/+0 whip (1)]
  1840 | D:3      | Killed from afar by an orc priest

Levels and vault maps discovered:
D:1:      dpeg_arrival_water_temple_mockup, layout_basic, minmay_door_square,
          minmay_pentomino_w4
D:2:      layout_rooms, chequers_temple_overflow_statue_of_worship, uniq_jessica
D:3:      layout_loops_ring, lemuel_coloured_pillars_altar,
          gammafunk_ghost_abyssal_escape

Skill      XL: |  1  2  3  4 |
---------------+-------------+-----
Long Blades    | 3 4 |  4.2
Dodging        | 3 |  3.4
Armour         | 1 |  1.3
Fighting       | 3 |  3.0
Throwing       | |  1.7
Stealth        | |  0.6

Action                   |  1- 3 |  4- 6 || total
-------------------------+-------+-------++-------
Melee: Long sword        |    94 |    70 ||   164
       Kick              |    20 |    30 ||    50
Throw: Throwing net      |       |     1 ||     1
 Stab: Held in net/web   |       |     2 ||     2
  Eat: Chunk             |       |     2 ||     2
Armor: Leather armour    |    24 |    24 ||    48
Dodge: Dodged            |    60 |    69 ||   129
       Rpst.: Long sword |    23 |    27 ||    50

Table legend:
 A = Non-vault XP
 B = Vault XP
 C = Vault XP percentage of total XP
 D = Non-vault monster count
 E = Vault monster count
 F = Vault count percentage of total count
                 A         B        C        D         E       F
            +---------+---------+-------+---------+---------+-------
      Total |     154 |     112 |  42.1 |      54 |      10 |  15.6
            +---------+---------+-------+---------+---------+-------
        D:1 |      41 |      17 |  29.3 |      20 |       7 |  25.9
        D:2 |      57 |      37 |  39.4 |      14 |       1 |   6.7
        D:3 |      56 |      58 |  50.9 |      20 |       2 |   9.1
            +---------+---------+-------+---------+---------+-------
